 Dungeon Crawl Stone Soup version 0.28-a0-1227-ga9037bb4c8 (webtiles) character file.

Game seed: 9968724066158444600

58 rogsnak the Gusty (level 3, 0/24 HPs)
             Began as a Demonspawn Air Elementalist on Dec 22, 2021.
             Slain by Natasha (3 damage)
             ... on level 2 of the Dungeon.
             The game lasted 00:03:40 (1447 turns).

rogsnak the Gusty (Demonspawn Air Elementalist)     Turns: 1447, Time: 00:03:40

Health: 0/24       AC:  4    Str:  8    XL:     3   Next: 76%
Magic:  0/6        EV: 12    Int: 18    God:
Gold:   37         SH:  0    Dex: 13    Spells: 6/7 levels left

rFire   . . .      SeeInvis .   j - +0 spear
rCold   . . .      Faith    .   (no shield)
rNeg    . . .      Spirit   .   a - +0 robe
rPois   .          Reflect  .   (no helmet)
rElec   .          Harm     .   (no cloak)
rCorr   .          Rampage  .   (no gloves)
Will    .....                   (no boots)
Stlth   ++........              (no amulet)
HPRegen 0.08/turn               (no ring)
MPRegen 0.10/turn               (no ring)

@: slowed, very slow
A: thin metallic scales 1
a: no special abilities


You were on level 2 of the Dungeon.
You visited 1 branch of the dungeon, and saw 2 of its levels.

You collected 37 gold pieces.

Inventory:

Hand Weapons
 d - a +0 club
 j - a +0 spear (weapon)
Missiles
 c - 47 stones
 l - 17 poisoned darts
Armour
 a - a +0 robe (worn)
Jewellery
 f - a ring of poison resistance
Wands
 m - a wand of digging (7)
Scrolls
 h - a scroll of blinking {unknown}
 i - a scroll of identify {unknown}
 k - a scroll of immolation {unknown}
Potions
 b - a potion of invisibility {unknown}
 e - 2 potions of curing {unknown}
 g - a potion of flight {unknown}


   Skills:
 + Level 2.1 Dodging
 - Level 1.7 Stealth
 + Level 2.5 Spellcasting
 * Level 1.7 Conjurations
 + Level 3.5 Air Magic


You had 6 spell levels left.
You knew the following spells:

 Your Spells              Type           Power      Damage    Failure   Level
a - Shock                 Conj/Air       44%        1d5       6%          1

Your spell library contained the following spells:

 Spells                   Type           Power      Damage    Failure   Level
 Static Discharge         Conj/Air       11%        N/A       9%          2
 Swiftness                Air            15%        N/A       12%         3
 Airstrike                Air            7%         N/A       36%         4


Dungeon Overview and Level Annotations

Branches:
Dungeon (2/15)

Altars:
Uskayaw

Annotations:
D:2 Natasha


Innate Abilities, Weirdness & Mutations

You are partially covered in thin metallic scales. (AC +2)


Message History

The white imp is heavily wounded.
The white imp misses you.
You closely miss the white imp.
The white imp is heavily wounded.
The white imp gestures at you. The puff of frost hits you.
* * * LOW HITPOINT WARNING * * *
You hit the white imp but do no damage.
The white imp is heavily wounded.
The white imp hits you.
* * * LOW HITPOINT WARNING * * *
The white imp freezes you.
* * * LOW HITPOINT WARNING * * *
You hit the white imp.
The white imp is severely wounded.
The white imp barely misses you.
Casting: Shock (safe; 6% risk of failure)
Confirm with . or Enter, or press ? or * to list all spells.
Aiming: Shock (safe; 6% risk of failure)
Press: ? - help, Shift-Dir - straight line The zap hits the white imp.
The white imp is almost dead.
The zap hits Natasha.
Natasha is severely wounded.
The zap hits the endoplasm.
You kill the endoplasm!
The white imp barely misses you.
Unknown command.
You closely miss the white imp.
The white imp is almost dead.
The white imp barely misses you.
You hit the white imp.
You kill the white imp!
The white imp disappears in a puff of smoke!
Natasha stares at you and mumbles some strange words.
You feel yourself slow down.
You closely miss Natasha.
Natasha is severely wounded.
Natasha claws you.
You die...

#.......#.## #.......
#.......#.# #.......
#.........# ##......
#........#### ##....)
#...........## ######
#........##..##########
#........###.........(#
#.......## ###........#
######@.# #.........
#h## #........# #.#
#......... ....)..)..#
#........# ..........#
#........# .........!#
#....†.... ..h........
...........#
..)...._...####........#
...........# ##########


You could see Natasha.

Vanquished Creatures
  Natasha (D:2)
  A ball python (D:1)
  7 endoplasms
  A giant cockroach (D:1)
  3 goblins (D:1)
  5 hobgoblins
  3 kobolds
  A quokka (D:1)
  5 bats
  3 rats
30 creatures vanquished.

Notes
Turn   | Place    | Note
-------+----------+-------------------------------------------
     0 | D:1      | rogsnak the Demonspawn Air Elementalist began the quest for
                  | the Orb.
     0 | D:1      | Reached XP level 1. HP: 13/13 MP: 3/3
    71 | D:1      | Reached skill level 3 in Air Magic
   179 | D:1      | Gained mutation: You are partially covered in thin metallic
                  | scales. (AC +2) [demonic ancestry]
   179 | D:1      | Reached XP level 2. HP: 19/19 MP: 1/5
   831 | D:2      | Noticed Natasha
   836 | D:2      | Killed Natasha
   837 | D:2      | Reached XP level 3. HP: 24/24 MP: 0/6
  1427 | D:2      | Found a hide-covered altar of Uskayaw.
  1428 | D:2      | Noticed Natasha
  1447 | D:2      | Slain by Natasha

Illustrated notes

Levels and vault maps discovered:
D:1:      mrwooster_arrival_arrow, layout_loops_cross, minmay_misc_feat_room
D:2:      layout_rooms, basic_altar, uniq_natasha

Skill      XL: |  1  2 |
---------------+-------+-----
Air Magic      | 3 |  3.5
Dodging        | 2 |  2.1
Stealth        | |  1.7
Spellcasting   | |  2.5
Conjurations   | |  1.7

Action                   || total
-------------------------++-------
Melee: Unarmed           ||     5
       Spear             ||    16
 Cast: Shock             ||    59
Armor: Robe              ||     5
Dodge: Dodged            ||    19

Table legend: (Time is in decaauts)
 A = Elapsed time spent in this place.
 B = Non-inter-level travel time spent in this place.
 C = Inter-level travel time spent in this place.
 D = Time resting spent in this place.
 E = Time spent auto-exploring this place.
 F = Levels seen in this place.
 G = Mean time per level.
                   A        B        C        D        E       F      G
               +--------+--------+--------+--------+--------+-----+--------+
         Total |   1448 |   1422 |     26 |    177 |   1069 |   2 |  724.0 |
       Dungeon |   1448 |   1422 |     26 |    177 |   1069 |   2 |  724.0 |
               +--------+--------+--------+--------+--------+-----+--------+

Top non-repeatable levels by time:
     D:1: 885 daAuts
     D:2: 562 daAuts
